 Dungeon Crawl Stone Soup version 0.27-a0-1217-g8a41f320e8 (webtiles) character file.

Game seed: 38412213012943957

288 quinnr the Magician (level 6, -6/40 HPs)
             Began as a Djinni Air Elementalist on June 5, 2021.
             Mangled by a wight
             ... wielding a +4 scimitar
              (19 damage)
             ... on level 3 of the Dungeon.
             The game lasted 00:13:08 (4531 turns).

quinnr the Magician (Djinni Air Elementalist)       Turns: 4531, Time: 00:13:08

Health: -6/40      AC:  2    Str:  7    XL:     6   Next: 57%
Gold:   97         EV: 12    Int: 19    God:
                   SH:  0    Dex: 13

rFire    + + .     SeeInvis .   h - staff of cold
rCold    . . .     Faith    .   (no shield)
rNeg     . . .     Spirit   .   a - +0 robe
rPois    ∞         Reflect  .   (no helmet)
rElec    .         Harm     .   (no cloak)
rCorr    .         Rampage  .   (no gloves)
Will     .....                  (boots unavailable)
Stlth    ++........             (no amulet)
HPRegen  0.13/turn              (no ring)
MPRegen  0.00/turn              (no ring)

@: flying, very slightly contaminated
A: sickness immunity, fire resistance 2, cold vulnerability 1, float, innate
caster, hp casting, extra vitality 1
a: no special abilities


You were on level 3 of the Dungeon.
You visited 1 branch of the dungeon, and saw 4 of its levels.

You collected 97 gold pieces.

Inventory:

Armour
 a - a +0 robe (worn)
Magical Staves
 c - a staff of death
 h - a staff of cold (weapon)
Scrolls
 d - a scroll of blinking {unknown}
 e - a scroll of fear {unknown}
 g - a scroll of teleportation {unknown}
 k - 2 scrolls of enchant armour {unknown}
 l - a scroll of enchant weapon {unknown}
Potions
 b - 2 potions of berserk rage {unknown}
 f - a potion of degeneration {unknown}
 i - a potion of attraction {unknown}
 j - a potion of brilliance {unknown}


   Skills:
 - Level 2.1 Dodging
 - Level 1.5 Stealth
 + Level 5.3 Spellcasting


You couldn't memorise any spells.
You knew the following spells:

 Your Spells              Type           Power      Damage    Failure   Level
a - Shock                 Conj/Air       100%       1d9       1%          1
b - Static Discharge      Conj/Air       25%        N/A       1%          2
c - Swiftness             Air            25%        N/A       4%          3
d - Airstrike             Air            12%        N/A       13%         4
e - Lightning Bolt        Conj/Air       12%        1d26      36%         5
f - Pain                  Necr           100%       1d9       1%          1
g - Corpse Rot            Necr/Air       N/A        N/A       1%          2
Your spell library was empty.

Dungeon Overview and Level Annotations

Branches:
Dungeon (4/15)
 Temple: D:4-7

Altars:
Fedhas
Qazlal

Shops:
D:2 (

Annotations:
D:2 Natasha


Innate Abilities, Weirdness & Mutations

You are immune to sickness and miasma.
You are immune to poison.
Your flesh is very heat resistant. (rF++)
You are vulnerable to cold. (rC-)
You float through the air rather than walking.
You learn spells naturally, not from books.
Your magical power is your life essence.
You have superior vitality. (+4 HP)


Message History

Done exploring.
(D) Dungeon
Where to? (Enter - D:3 @ (x,y), ? - help)
You see here a +0 scale mail.
There is a stone staircase leading down here.
You fly downwards.
Found a ring mail.
There is a stone staircase leading up here. 2 wights come into view.
There is a stone staircase leading up here.
You fly upwards.
There is a stone staircase leading down here.
Unknown command.
Casting: Airstrike (quite dangerous; 13% risk of failure)
Confirm with . or Enter, or press ? or * to list all spells.
The spell is quite dangerous to cast (13% risk of failure)!
Continue anyway?
Okay, then.
Casting: Airstrike (quite dangerous; 13% risk of failure)
Confirm with . or Enter, or press ? or * to list all spells.
The spell is quite dangerous to cast (13% risk of failure)!
Continue anyway?
Aiming: Airstrike (quite dangerous; 13% risk of failure)
Press: ? - help, Dir - move target, f - wight
Aim: a wight, wielding a +4 scimitar and wearing a +0 robe You miscast Airstrike.
You are very lightly contaminated with residual magic.
Nothing appears to happen.
The wight hits you with a +4 scimitar!
Unknown command.
Casting: Airstrike (quite dangerous; 13% risk of failure)
Confirm with . or Enter, or press ? or * to list all spells.
The wight is struck by an arc of lightning.
The wight is moderately damaged.
You are struck by an arc of lightning.
The lightning grounds out.
The wight hits you with a +4 scimitar.
Unknown command.
Casting: Static Discharge (safe; 1% risk of failure)
Confirm with . or Enter, or press ? or * to list all spells.
The wight is struck by an arc of lightning!
The wight is almost destroyed.
The lightning grounds out.
The wight hits you with a +4 scimitar!!
You die...

......#.#####.##.#
####....#.)....#.#
#......##.####.#.#
#.####......##.#.#
#.#....##.####.#.#
....##.[..####...###
###.#.....#........#
#.#...#.#...#z.###
##.#.###.......@..#
#....# ############
##...# ###.# #.# ###


You could see a wight.

Vanquished Creatures
  A black bear (D:3)
  Jessica (D:3)
  Natasha (D:2)
  4 gnolls
  4 adders
  An adder skeleton (D:2)
  3 dart slugs
  10 endoplasms
  2 goblins
  5 hobgoblins
  8 jackals (D:2)
  A quokka (D:3)
  4 ball pythons
  6 bats
  2 frilled lizards
  5 kobolds
  6 rats
64 creatures vanquished.

Notes
Turn   | Place    | Note
-------+----------+-------------------------------------------
     0 | D:1      | quinnr the Djinni Air Elementalist began the quest for the
                  | Orb.
     0 | D:1      | Reached XP level 1. HP: 15/15 MP: 0/0
   595 | D:1      | Reached XP level 2. HP: 15/21 MP: 0/0
   987 | D:1      | Reached skill level 3 in Spellcasting
  1569 | D:1      | Reached XP level 3. HP: 19/25 MP: 0/0
  1569 | D:1      | Learned a level 1 spell: Pain
  2120 | D:2      | Reached XP level 4. HP: 29/31 MP: 0/0
  2700 | D:2      | Reached skill level 4 in Spellcasting
  3001 | D:2      | Reached XP level 5. HP: 26/35 MP: 0/0
  3001 | D:2      | Learned a level 2 spell: Corpse Rot
  3279 | D:2      | Noticed Natasha
  3283 | D:2      | Killed Natasha
  3359 | D:2      | Noticed Natasha
  3540 | D:2      | Found Rutwanu's Weapon Shoppe.
  3938 | D:3      | Found a stormy altar of Qazlal.
  3949 | D:3      | Found a blossoming altar of Fedhas.
  4123 | D:3      | Noticed a black bear
  4331 | D:3      | Killed a black bear
  4332 | D:3      | Reached skill level 5 in Spellcasting
  4332 | D:3      | Reached XP level 6. HP: 26/40 MP: 0/0
  4442 | D:3      | Noticed Jessica
  4449 | D:3      | Killed Jessica
  4531 | D:3      | Mangled by a wight

Illustrated notes

Levels and vault maps discovered:
D:1:      saegor_arrival_simple_b, layout_loops_corners
D:2:      layout_rooms, serial_shops, nicolae_shop_behind_doors, uniq_natasha
D:3:      layout_basic, grunt_temple_overflow_forces_of_nature, uniq_jessica
D:4:      layout_basic, gammafunk_temple_overflow_pools,
          minmay_temple_entry_antechambers, gammafunk_ghost_gnarly_gnolls,
          uniq_ijyb, uniq_menkaure

Skill      XL: |  1  2  3  4  5 |
---------------+----------------+-----
Spellcasting   | 3 4 5 |  5.3
Dodging        | |  2.1
Stealth        | |  1.5

Action                   |  1- 3 |  4- 6 || total
-------------------------+-------+-------++-------
 Cast: Shock             |    64 |    45 ||   109
       Pain              |       |    19 ||    19
       Static Discharge  |       |    14 ||    14
       Airstrike         |       |     4 ||     4
Armor: Robe              |     1 |     4 ||     5
Dodge: Dodged            |    13 |    17 ||    30

Table legend: (Time is in decaauts)
 A = Elapsed time spent in this place.
 B = Non-inter-level travel time spent in this place.
 C = Inter-level travel time spent in this place.
 D = Time resting spent in this place.
 E = Time spent auto-exploring this place.
 F = Levels seen in this place.
 G = Mean time per level.
                   A        B        C        D        E       F      G
               +--------+--------+--------+--------+--------+-----+--------+
         Total |   4540 |   4327 |    213 |   1397 |   2510 |   4 | 1135.0 |
       Dungeon |   4540 |   4327 |    213 |   1397 |   2510 |   4 | 1135.0 |
               +--------+--------+--------+--------+--------+-----+--------+

Top non-repeatable levels by time:
     D:1: 2743 daAuts
     D:3: 962 daAuts
     D:2: 827 daAuts
     D:4: 7 daAuts
